 Dungeon Crawl Stone Soup version 0.30-a0-177-g1cb5dbfd7a (webtiles) character file.

Game seed: 17698718518831330064

2028 SigmundSlayer the Frost Mage (level 9, -8/96 (97) HPs)
             Began as an Ogre Ice Elementalist on Oct 2, 2022.
             Was an Initiate of Gozag.
             Mangled by a gnoll sergeant
             ... wielding a +0 trident
              (9 damage)
             ... on level 7 of the Dungeon.
             The game lasted 00:07:36 (6363 turns).

SigmundSlayer the Frost Mage (OgIE)                 Turns: 6363, Time: 00:07:37

HP:   -8/96 (97)    AC:  3    Str: 26    XL:     9   Next: 23%
MP:   15/18         EV: 10    Int: 20    God:    Gozag
Gold: 362           SH:  0    Dex: 14    Spells: 13/20 levels left

rFire   . . .      SeeInvis .    m - +10 short sword of Thoughtfulness {speed, Str+6 Dex+5}
rCold   . . .      Faith    .    (no shield)
rNeg    . . .      Spirit   .    a - +0 robe
rPois   .          Reflect  .    (helmet restricted)
rElec   .          Harm     .    d - scarf {repulsion}
rCorr   .          Rampage  .    (gloves unavailable)
Will    .....                    (boots unavailable)
Stlth   ++........               j - amulet of the acrobat
HPRegen 0.36/turn                i - +4 ring of slaying
MPRegen 0.16/turn                h - +6 ring of strength

@: freezing walls, lightly drained, repel missiles
A: large, unfitting armour, tough skin 1
a: Renounce Religion, Potion Petition, Call Merchant, Bribe Branch


You were on level 7 of the Dungeon.
You worshipped Gozag.
Gozag was aware of your devotion.
You visited 2 branches of the dungeon, and saw 8 of its levels.
You also visited: Ossuary.

You collected 478 gold pieces.
You paid 116 gold pieces to Gozag.

Inventory:

Hand Weapons
 m - the +10 short sword of Thoughtfulness (weapon) {speed, Str+6 Dex+5}
   (You found it on level 2 of the Dungeon)

   Attacks with this weapon are significantly faster.
   Str:       It affects your strength (+6).
   Dex:       It affects your dexterity (+5).
Armour
 a - a +0 robe (worn)
 d - a scarf of repulsion (worn)
Jewellery
 h - a +6 ring of strength (right hand)
 i - a +4 ring of slaying (left hand)
 j - an amulet of the acrobat (around neck)
Wands
 x - a wand of polymorph (4)
Scrolls
 c - 2 scrolls of amnesia
 e - a scroll of enchant weapon
 f - a scroll of fog
 k - 2 scrolls of teleportation
 n - 3 scrolls of enchant armour
 q - 2 scrolls of vulnerability
 t - a scroll of torment
 y - 2 scrolls of identify
Potions
 b - 4 potions of magic
 g - a potion of mutation {unknown}
 l - 3 potions of brilliance
 o - 3 potions of attraction
 p - a potion of resistance {unknown}
 r - 6 potions of curing {unknown}
 s - a potion of lignification {unknown}
 u - a potion of flight {unknown}
 v - 3 potions of heal wounds {unknown}
 w - 2 potions of berserk rage {unknown}
 z - a potion of haste {unknown}
 A - a potion of experience {unknown}
 B - a potion of might {unknown}
 C - a potion of ambrosia {unknown}


   Skills:
 + Level 8.4 Fighting
 - Level 1.7 Dodging
 - Level 1.4 Stealth
 - Level 6.0 Spellcasting
 + Level 8.6 Ice Magic


You had 13 spell levels left.
You knew the following spells:

 Your Spells              Type           Power      Damage    Failure   Level
a - Freeze                Ice            100%       1d11      1%          1
b - Frozen Ramparts       Ice            80%        1d13      1%          3
c - Ozocubu's Armour      Ice            40%        N/A       1%          3

Your spell library contained the following spells:

 Spells                   Type           Power      Damage    Failure   Level
 Kiss of Death            Conj/Necr      24%        2d7       11%         1
 Necrotise                Necr           24%        1d5       11%         1
 Sandblast                Erth           12%        2d6       11%         1
 Passwall                 Tmut/Erth      5%         N/A       16%         2
 Summon Ice Beast         Ice/Summ       23%        N/A       17%         4
 Confusing Touch          Hex            6%         N/A       30%         3
 Portal Projectile        Hex/Tloc       12%        N/A       30%         3
 Stone Arrow              Conj/Erth      12%        3d7       30%         3
 Tukima's Dance           Hex            6%         N/A       30%         3
 Vampiric Draining        Necr           6%         2d6       30%         3
 Animate Armour           Summ/Erth      12%        N/A       71%         4
 Dispel Undead            Necr           6%         3d8       71%         4
 Agony                    Necr           6%         N/A       96%         5
 Blade Hands              Tmut           3%         N/A       96%         5
 Lehudib's Crystal Spear  Conj/Erth      3%         10d2      100%        8


Dungeon Overview and Level Annotations

Branches:
Dungeon (7/15)             Temple (1/1) D:6         Ossuary (visited)

Altars:
Ashenzari
Cheibriados
Dithmenos
Elyvilon
Fedhas
Gozag
Hepliaklqana
Makhleb
Nemelex Xobeh
Okawaru
Qazlal
Ru
Trog
Uskayaw
Vehumet
Xom
Yredelemnul
The Shining One


Innate Abilities, Weirdness & Mutations

You are too large for most types of armour.
You have tough skin. (AC +1)


Message History

The troll bites you. The troll barely misses you. The troll claws you.
The iguana is engulfed in noxious fumes.
The iguana appears confused.
The kobold brigand is distracted by your dazzling golden aura.
The kobold brigand shouts!
You puncture the hound!
You kill the hound!
You closely miss the troll. The troll bites you. The troll claws you.
The troll barely misses you.
The gnoll sergeant is distracted by your dazzling golden aura.
The hound is distracted by your dazzling golden aura.
The gnoll sergeant shouts!
You hit the troll.
The troll is lightly wounded.
The gnoll sergeant is no longer distracted by gold.
The troll bites you! The troll claws you! x2
You are too injured to fight recklessly!
The troll attacks as you move away! The troll bites you. The troll claws you!
* * * LOW HITPOINT WARNING * * *
The troll closely misses you.
The kobold brigand is no longer distracted by gold.
The iguana closely misses the necrophage.
You see here 5 gold pieces.
The kobold brigand throws a poisoned dart.
The poisoned dart barely misses you.
Okay, then.
Okay, then.
Casting: Freeze (safe; 1% risk of failure)
Confirm with . or Enter, or press ? or * to list all spells.
Casting: Frozen Ramparts (safe; 1% risk of failure)
Press: ? - help, Dir - look around, f - activate The walls around you are covered in ice.
The hound is no longer distracted by gold.
The wall freezes the troll.
The troll bites you!
* * * LOW HITPOINT WARNING * * *
The troll closely misses you. The troll claws you!
* * * LOW HITPOINT WARNING * * *
The gnoll sergeant hits you from afar with a +0 trident!
You die...
Your body crumbles into a pile of gold.

.§~~≈# §§.~.h
§§l.§.### §~~≈≈n..##
§§≈≈..z.$##
.§........##
...§.......Kg.##
...[.........$T.#
..............@.#
............#..#####
........#####.$.#..#
.........## ##...<.#
#.........###).....#
#......>..#.##....##
#...........).)...#
#...........###.###
+................#


You could see a troll, a kobold brigand, a necrophage, a gnoll sergeant, a hound
and a wight.

Vanquished Creatures
  The ghost of Nerdsrcool the Conjurer, an amateur VSCj of Zin (D:3)
  A sky beast (D:6)
  3 ice beasts
  2 black bears
  An ogre (D:5)
  A centaur (D:4)
  Blork the orc (D:6)
  A bullfrog (D:7)
  A necrophage (D:6)
  3 scorpions
  2 centaur zombies (Ossuary)
  A human zombie (Ossuary)
  4 hounds
  Jessica (D:3)
  5 iguanas
  3 orc wizards
  3 ogre zombies (Ossuary)
  7 mummies (Ossuary)
  10 adders
  An ufetubus (D:7)
  6 adder zombies (Ossuary)
  4 worms
  3 dart slugs
  17 orcs
  7 ball pythons
  9 endoplasms
  6 giant cockroaches
  2 gnoll zombies (Ossuary)
  8 goblins
  8 hobgoblins
  9 jackals
  7 quokkas
  4 bats
  6 frilled lizards
  3 hobgoblin zombies (Ossuary)
  5 kobolds
  4 kobold zombies (Ossuary)
  7 quokka zombies (Ossuary)
  11 rats
  2 rat zombies (Ossuary)
180 creatures vanquished.

Vanquished Creatures (others)
  A bullfrog (D:7)
1 creature vanquished.

Grand Total: 181 creatures vanquished

Notes
Turn   | Place    | Note
-------+----------+-------------------------------------------
     0 | D:1      | SigmundSlayer the Ogre Ice Elementalist began the quest for
                  | the Orb.
     0 | D:1      | Reached XP level 1. HP: 16/16 MP: 3/3
   207 | D:1      | Reached XP level 2. HP: 24/24 MP: 1/6
   710 | D:1      | Reached XP level 3. HP: 29/31 MP: 4/8
  1145 | D:1      | Learned a level 3 spell: Frozen Ramparts
  1774 | D:2      | Identified the +10 short sword of Thoughtfulness {speed,
                  | Str+6 Dex+5}
  2041 | D:2      | Reached XP level 4. HP: 38/39 MP: 3/10
  2140 | D:2      | Found a white marble altar of Elyvilon.
  2404 | D:3      | Noticed Jessica
  2404 | D:3      | Found a faded altar of an unknown god.
  2413 | D:3      | Killed Jessica
  2505 | D:3      | Found a large runed translucent door.
  2506 | D:3      | Found a large runed translucent door.
  2508 | D:3      | Noticed Nerdsrcool's ghost (amateur VSCj)
  2552 | D:3      | Learned a level 3 spell: Ozocubu's Armour
  2690 | D:3      | Reached skill level 5 in Spellcasting
  2690 | D:3      | Reached XP level 5. HP: 44/45 MP: 10/12
  3422 | D:3      | Killed Nerdsrcool's ghost
  3423 | D:3      | Reached XP level 6. HP: 27/53 MP: 9/14
  3563 | D:4      | Reached skill level 5 in Ice Magic
  4033 | D:4      | Noticed an ice beast
  4039 | D:4      | Killed an ice beast
  4040 | D:4      | Reached XP level 7. HP: 44/59 MP: 10/16
  4117 | D:4      | Found a shadowy altar of Dithmenos.
  4251 | D:5      | Entered Level 5 of the Dungeon
  4260 | D:5      | Reached skill level 1 in Fighting
  4663 | D:5      | Reached XP level 8. HP: 75/78 MP: 17/17
  4790 | D:5      | Reached skill level 5 in Fighting
  5031 | D:6      | Found a sand-covered staircase.
  5063 | Ossuary  | Entered an ossuary
  5828 | D:6      | Found a staircase to the Ecumenical Temple.
  5880 | Temple   | Entered the Ecumenical Temple
  5961 | Temple   | Became a worshipper of Gozag Ym Sagoz the Greedy
  6038 | D:6      | Reached XP level 9. HP: 90/93 MP: 18/18
  6116 | D:6      | Noticed Blork the orc
  6123 | D:6      | Killed Blork the orc
  6349 | D:7      | Noticed a troll
  6350 | D:7      | Found a shimmering altar of Xom.
  6363 | D:7      | HP: 1/96 [troll (11)]
  6363 | D:7      | Mangled by a gnoll sergeant

Illustrated notes

Levels and vault maps discovered:
D:1:      dpeg_arrival_snail, layout_basic, chequers_big_river, nicolae_titane
D:2:      layout_loops_ring, basic_altar
D:3:      layout_basic, ebering_ghost_disaster_area, basic_ecumenical_altar,
          uniq_jessica
D:4:      layout_basic, nicolae_dithmenos_through_a_glass_darkly
D:5:      layout_rooms
D:6:      layout_rooms, minmay_temple_entry_stoned_glass, enter_ossuary_1,
          nicolae_concentric_dashed_squares_wild, minmay_misc_feat_alley,
          uniq_blork_the_orc
D:7:      layout_cave_pools, xom_confusion_cloud, zin_treasury,
          nicolae_shop_vocational
Temple:   nicolae_temple_x_marks_the_god

Skill      XL: |  1  2  3  4  5  6  7  8  9 |
---------------+----------------------------+-----
Spellcasting   | 3 4 5 6 |  6.0
Ice Magic      | 4 6 8 |  8.6
Fighting       | 4 7 8 |  8.4
Dodging        | |  1.7
Stealth        | |  1.4

Action                   |  1- 3 |  4- 6 |  7- 9 || total
-------------------------+-------+-------+-------++-------
Melee: Unarmed           |     5 |       |       ||     5
       Short sword       |     6 |    64 |   210 ||   280
       Punch             |       |       |     2 ||     2
 Cast: Freeze            |    69 |    24 |    12 ||   105
       Frozen Ramparts   |       |     2 |    10 ||    12
  Use: Scroll            |       |       |    15 ||    15
 Stab: Sleeping          |       |     3 |     5 ||     8
Armor: Robe              |    11 |    10 |    29 ||    50
Dodge: Dodged            |    24 |    35 |   125 ||   184
       Repelled          |     1 |       |     1 ||     2

Table legend: (Time is in decaauts)
 A = Elapsed time spent in this place.
 B = Non-inter-level travel time spent in this place.
 C = Inter-level travel time spent in this place.
 D = Time resting spent in this place.
 E = Time spent auto-exploring this place.
 F = Levels seen in this place.
 G = Mean time per level.
                   A        B        C        D        E       F      G
               +--------+--------+--------+--------+--------+-----+--------+
         Total |   6283 |   6104 |    179 |     59 |   5012 |   9 |  698.1 |
       Dungeon |   5642 |   5476 |    166 |     59 |   4570 |   7 |  806.0 |
        Temple |     85 |     72 |     13 |      0 |     67 |   1 |   85.0 |
       Ossuary |    555 |    555 |      0 |      0 |    375 |   1 |  555.0 |
               +--------+--------+--------+--------+--------+-----+--------+

Top non-repeatable levels by time:
     D:1: 1557 daAuts
     D:3: 1136 daAuts
     D:2: 852 daAuts
     D:5: 730 daAuts
     D:4: 692 daAuts
     D:6: 578 daAuts
 Ossuary: 555 daAuts
     D:7: 93 daAuts
  Temple: 85 daAuts
